[Event "Titled Tuesday Blitz July 11 Early 2023"]
[White "Narayanan, Srinath"]
[Black "Michalczak, Thomas"]
[WhiteFideId "5018420"]
[BlackFideId "4622634"]
[WhiteElo "2896"]
[BlackElo "2560"]
[Result "1-0"]
[Round "8"]
[TimeControl "180+2"]
[Date "2023.07.11"]
[WhiteClock "0:00:04"]
[BlackClock "0:00:00"]
[Board "54"]

1. d4 Nf6 2. Nf3 d5 3. Bf4 c5 4. e3 Nc6 5. Nbd2 Qb6 6. dxc5 Qxb2 7. Rb1 Qc3 8. Bb5 e6 9. O-O Be7 10. Nb3 O-O 11. Nfd4 Bd7 12. Bxc6 Bxc6 13. Be5 Qb4 14. c3 Qa3 15. Nxc6 bxc6 16. Qd4 Qxa2 17. Qb4 Qe2 18. Qb7 Rfe8 19. Qxc6 Ne4 20. h3 Bh4 21. Nd4 Bxf2+ 22. Kh1 Qxe3 23. Qc7 Nxc3 24. Rb7 Rf8 25. Nxe6 Ne4 26. Nxf8 Rxf8 27. Rb8 Qxc5 28. Rxf8+ Qxf8 29. Qd7 Ng3+ 30. Bxg3 Bxg3 31. Qxd5 Qe8 32. Qb7 Bb8 33. Rb1 Bd6 34. Qxa7 g6 35. Qd4 1-0


[Site "https://www.chess.com"]

[Event "Titled Tuesday Blitz July 11 Early 2023"]
[White "Bruedigam, Martin"]
[Black "Kozak, Antoni"]
[WhiteFideId "24608033"]
[BlackFideId "21832030"]
[WhiteElo "2557"]
[BlackElo "2765"]
[Result "0-1"]
[Round "8"]
[TimeControl "180+2"]
[Date "2023.07.11"]
[WhiteClock "0:00:18"]
[BlackClock "0:00:06"]
[Board "55"]

1. c4 c5 2. Nc3 Nc6 3. g3 Nf6 4. Bg2 g6 5. Bxc6 bxc6 6. d3 Bg7 7. e4 O-O 8. Nge2 d5 9. O-O Bh3 10. Re1 Bg4 11. Qa4 Rc8 12. Nf4 e5 13. Ng2 Bf3 14. Nh4 Bg4 15. f3 Be6 16. Ng2 Bh3 17. Ne2 dxe4 18. dxe4 Qd3 19. Qb3 Rfd8 20. Qxd3 Rxd3 21. Kf2 Nd7 22. Ng1 Bxg2 23. Kxg2 Nf8 24. Be3 Ne6 25. Kf2 Rd7 26. Red1 Nd4 27. Ne2 Rb7 28. Rd2 a5 29. Nc1 Rb4 30. b3 a4 31. Bxd4 cxd4 32. Nd3 Rb7 33. b4 a3 34. Rb1 f6 35. Rb3 Ra8 36. Rc2 Bf8 37. Ke2 Rab8 38. c5 Ra8 39. f4 Bg7 40. fxe5 fxe5 41. Rc1 Kf7 42. Rcb1 Rb5 43. Rf1+ Ke6 44. Ne1 Bh6 45. Nc2 Rb7 46. Kd3 Rba7 47. b5 cxb5 48. Rxb5 Ra6 49. Rfb1 Rc8 50. Rb6+ Rxb6 51. cxb6 Rc3+ 52. Ke2 Rxc2+ 53. Kd1 Rc8 54. b7 Rb8 55. Rb5 Kd6 56. Kc2 Be3 57. Rxe5 Kxe5 0-1


[Site "https://www.chess.com"]

[Event "Titled Tuesday Blitz July 11 Early 2023"]
[White "Preotu, Razvan"]
[Black "Orlov, Georgi"]
[WhiteFideId "2613280"]
[BlackFideId "2011271"]
[WhiteElo "2746"]
[BlackElo "2551"]
[Result "1-0"]
[Round "8"]
[TimeControl "180+2"]
[Date "2023.07.11"]
[WhiteClock "0:01:15"]
[BlackClock "0:00:35"]
[Board "56"]

1. e4 d6 2. d4 Nf6 3. Nc3 g6 4. Be3 Bg7 5. Qd2 c6 6. O-O-O b5 7. f3 Bb7 8. Bh6 Bxh6 9. Qxh6 b4 10. Nce2 Qa5 11. Kb1 Nbd7 12. Nh3 Qb6 13. Ng5 c5 14. Qg7 Rf8 15. Nxh7 Nxh7 16. Qxh7 c4 17. Nf4 c3 18. Bc4 Rc8 19. Bb3 cxb2 20. Rhe1 Nf6 21. Qg7 Nd7 22. e5 a5 23. e6 fxe6 24. Qxg6+ 1-0


[Site "https://www.chess.com"]

[Event "Titled Tuesday Blitz July 11 Early 2023"]
[White "Xu, Yi"]
[Black "Kumala, Aleksander"]
[WhiteFideId "8605564"]
[BlackFideId "1141880"]
[WhiteElo "2723"]
[BlackElo "2551"]
[Result "1-0"]
[Round "8"]
[TimeControl "180+2"]
[Date "2023.07.11"]
[WhiteClock "0:00:46"]
[BlackClock "0:01:35"]
[Board "57"]

1. e4 e5 2. Nf3 Nf6 3. Nxe5 Nxe4 4. Qe2 Qe7 5. Qxe4 d6 6. d4 dxe5 7. dxe5 Nc6 8. Nc3 Qxe5 9. Qxe5+ Nxe5 10. Nb5 Bb4+ 11. Bd2 Bxd2+ 12. Kxd2 Kd8 13. Re1 Nd7 14. Bc4 Rf8 15. Kc1 a6 16. Nc3 Nb6 17. Bb3 Bf5 18. Re5 Bg6 19. Rd1+ Kc8 20. Re7 Kb8 21. Nd5 Nxd5 22. Rxd5 Ka7 23. Rdd7 Rad8 24. Rxc7 Rfe8 25. Rxb7+ Ka8 26. Rxe8 Rxe8 27. Bd5 Re5 28. Bf3 Be4 29. Rxf7 Bxf3 30. Rxf3 Re1+ 31. Kd2 Ra1 32. Rf8+ Kb7 33. Rf7+ Kb6 34. Rxg7 Rxa2 35. b3 a5 36. Rxh7 Kb5 37. Rh5+ Kb4 38. Rh4+ Kb5 39. Ra4 Rxa4 40. bxa4+ Kxa4 41. Kc1 Ka3 42. Kb1 1-0


[Site "https://www.chess.com"]

[Event "Titled Tuesday Blitz July 11 Early 2023"]
[White "Gunina, Valentina"]
[Black "Korelskiy, Egor"]
[WhiteFideId "4167570"]
[BlackFideId "34329064"]
[WhiteElo "2714"]
[BlackElo "2534"]
[Result "1-0"]
[Round "8"]
[TimeControl "180+2"]
[Date "2023.07.11"]
[WhiteClock "0:01:55"]
[BlackClock "0:01:07"]
[Board "58"]

1. d4 d5 2. c4 e6 3. Nf3 Nf6 4. Nc3 c6 5. e3 Nbd7 6. Be2 Bd6 7. O-O O-O 8. b3 b6 9. Bb2 Bb7 10. Rc1 Qe7 11. Bd3 Rfe8 12. h3 Rac8 13. Re1 c5 14. cxd5 exd5 15. Qe2 Ne4 16. Ba6 Bxa6 17. Qxa6 Nxc3 18. Bxc3 Nf6 19. dxc5 bxc5 20. Red1 Ne4 21. Rxd5 Qe6 22. Qc4 Red8 23. Kf1 Nxf2 24. Rxd6 Qxd6 25. Kxf2 Re8 26. Qg4 f6 27. h4 Kh8 28. h5 Qe7 29. Re1 c4 30. bxc4 Qa3 31. Bd4 Qxa2+ 32. Re2 Qxc4 33. h6 Qf7 34. hxg7+ Qxg7 35. Qf4 Re6 36. Rb2 a5 37. Nh4 a4 38. Nf5 Qf7 39. Nd6 Rxd6 40. Qxd6 a3 41. Qxa3 1-0


[Site "https://www.chess.com"]

[Event "Titled Tuesday Blitz July 11 Early 2023"]
[White "Goryachkina, Aleksandra"]
[Black "Shturman, Arseniy"]
[WhiteFideId "4147103"]
[BlackFideId "34275797"]
[WhiteElo "2710"]
[BlackElo "2547"]
[Result "1-0"]
[Round "8"]
[TimeControl "180+2"]
[Date "2023.07.11"]
[WhiteClock "0:00:50"]
[BlackClock "0:00:31"]
[Board "59"]

1. e4 c5 2. Nf3 d6 3. Bb5+ Nd7 4. O-O Nf6 5. Re1 g6 6. c3 Bh6 7. d4 Bxc1 8. Qxc1 cxd4 9. cxd4 O-O 10. e5 dxe5 11. dxe5 Nh5 12. Qh6 f6 13. Nc3 Nxe5 14. Nxe5 fxe5 15. Rxe5 Qd4 16. Rxe7 Qxf2+ 17. Kh1 Rf7 18. Re8+ Rf8 19. Bc4+ Be6 20. Bxe6+ Kh8 21. Qxf8+ Qxf8 22. Rxf8+ Rxf8 23. Bd5 Rf2 24. Rb1 b6 25. Kg1 Rd2 26. Bf3 Nf4 27. Kf1 a5 28. a4 Nd3 29. Rd1 Rxd1+ 30. Nxd1 Nc5 31. Nc3 Nd3 32. b3 Nc5 33. Bd5 Kg7 34. Ke2 Kf6 35. Ke3 Ke5 36. Bc4 g5 37. Ne2 h5 38. Nc1 Ne4 39. Nd3+ Kf5 40. Be6+ 1-0


[Site "https://www.chess.com"]

[Event "Titled Tuesday Blitz July 11 Early 2023"]
[White "Jaracz, Pawel"]
[Black "Sidletskyi, Ivan"]
[WhiteFideId "1102222"]
[BlackFideId "14156024"]
[WhiteElo "2691"]
[BlackElo "2534"]
[Result "1-0"]
[Round "8"]
[TimeControl "180+2"]
[Date "2023.07.11"]
[WhiteClock "0:00:11"]
[BlackClock "0:00:14"]
[Board "60"]

1. Nf3 Nf6 2. d4 d5 3. c4 e6 4. g3 Bb4+ 5. Bd2 Bd6 6. Qc2 O-O 7. Bg2 c6 8. O-O Nbd7 9. Bc3 Ne4 10. Nbd2 f5 11. Ne1 Nxc3 12. bxc3 b6 13. Nd3 Ba6 14. Qa4 Bxc4 15. Qxc6 Bxd3 16. Qxd6 Be4 17. Qxe6+ Kh8 18. f3 Re8 19. Qd6 Bc2 20. Rae1 Rc8 21. Qa3 Re3 22. Qb2 Rexc3 23. Rc1 Qe7 24. e4 fxe4 25. fxe4 Nf6 26. e5 Ng4 27. Bh3 Qg5 28. Rf4 h5 29. Nf3 Qg6 30. Nh4 Qd3 31. Bxg4 Qe3+ 32. Rf2 Be4 33. Rxc3 Rxc3 34. Be2 Rc2 35. Qb5 Kh7 36. Ng2 Rc1+ 37. Bf1 Qxd4 38. Qe2 g6 39. e6 Bd3 40. Qe3 Bxf1 41. Rxf1 Rxf1+ 42. Kxf1 Qa1+ 43. Qe1 Qf6+ 44. Kg1 Qe7 45. Nf4 d4 46. Qe4 d3 47. Qxg6+ Kh8 48. Qh6+ Kg8 49. Qg6+ Kf8 50. Qf5+ Ke8 51. Qxh5+ Kd8 52. Qd5+ Kc8 53. Qd7+ Qxd7 54. exd7+ Kxd7 55. Nxd3 Kd6 56. h4 Ke6 57. Kg2 Kf5 58. Kf3 b5 59. g4+ Kf6 60. Nf4 a5 61. g5+ Kf5 62. g6 Kf6 63. h5 b4 64. Ke4 a4 65. Nd5+ Kg5 66. Nxb4 Kxh5 67. g7 a3 68. g8=Q Kh6 69. Qg4 Kh7 70. Kf5 Kh8 71. Kf6 Kh7 72. Qg7# 1-0


[Site "https://www.chess.com"]

[Event "Titled Tuesday Blitz July 11 Early 2023"]
[White "Begmuratov, Alisher"]
[Black "Bilan, Danila"]
[WhiteFideId "14203367"]
[BlackFideId "24161918"]
[WhiteElo "2663"]
[BlackElo "2529"]
[Result "1-0"]
[Round "8"]
[TimeControl "180+2"]
[Date "2023.07.11"]
[WhiteClock "0:00:18"]
[BlackClock "0:00:05"]
[Board "61"]

1. e4 c6 2. d4 d5 3. Nc3 dxe4 4. Nxe4 Bf5 5. Ng3 Bg6 6. h4 h6 7. Nf3 Nd7 8. h5 Bh7 9. Bd3 Bxd3 10. Qxd3 Qc7 11. Bd2 e6 12. O-O-O Bd6 13. Ne4 Ngf6 14. Nxd6+ Qxd6 15. Qe2 Qd5 16. Kb1 O-O-O 17. Ne5 Nxe5 18. dxe5 Qe4 19. Qxe4 Nxe4 20. Be3 b6 21. c4 Kc7 22. Kc2 c5 23. Rxd8 Rxd8 24. Rh4 f5 25. exf6 Nxf6 26. Bf4+ Kd7 27. Be5 Ke7 28. f3 Kf7 29. Rf4 Ke7 30. Bxf6+ gxf6 31. Rg4 Kf7 32. Rg6 Rg8 33. Rxg8 Kxg8 34. Kd3 Kf7 35. Ke4 Ke7 36. g4 Kd6 37. f4 Ke7 38. Kf3 Kf7 39. Kg3 f5 40. g5 hxg5 41. fxg5 e5 42. Kf3 Kg7 43. Kg3 Kf7 44. Kf3 Kg7 45. a4 a5 46. Kg3 Kf7 47. Kh4 Kg7 48. Kh3 Kf7 49. g6+ Kg7 50. Kg3 Kh6 51. Kh4 e4 52. Kg3 Kg7 53. Kf4 Kf6 54. Ke3 Kg7 55. Kf4 Kf6 56. b3 Kg7 57. Kg5 e3 58. h6+ Kg8 59. Kf6 e2 60. h7+ Kh8 61. Kf7 e1=Q 62. g7+ Kxh7 63. g8=Q+ Kh6 64. Qg6# 1-0


[Site "https://www.chess.com"]

[Event "Titled Tuesday Blitz July 11 Early 2023"]
[White "Turzo, Attila"]
[Black "Fantinel, Thibault"]
[WhiteFideId "704954"]
[BlackFideId "663395"]
[WhiteElo "2524"]
[BlackElo "2656"]
[Result "1/2-1/2"]
[Round "8"]
[TimeControl "180+2"]
[Date "2023.07.11"]
[WhiteClock "0:00:06"]
[BlackClock "0:00:16"]
[Board "62"]

1. d4 Nf6 2. c4 g6 3. g3 Bg7 4. Bg2 O-O 5. Nc3 d6 6. e4 e5 7. d5 a5 8. Nge2 Na6 9. O-O Nd7 10. Be3 f5 11. exf5 gxf5 12. f4 e4 13. Bd4 Nac5 14. Bxg7 Kxg7 15. Nd4 Nf6 16. Qd2 h5 17. Nd1 Bd7 18. Ne3 Ng4 19. h3 Nxe3 20. Qxe3 Qf6 21. Kh2 Kf7 22. h4 Rg8 23. Rg1 Rg7 24. Bf1 Rag8 25. Be2 Qg6 26. Rad1 Rh8 27. b3 Qf6 28. Rd2 Rgg8 29. Nc2 Ra8 30. Qd4 Qxd4 31. Rxd4 Kg6 32. Ne3 Rhb8 33. Rc1 Re8 34. Kg2 Reb8 35. Rd2 Re8 36. Rdc2 Reb8 37. Rb1 Be8 38. a4 Kf6 39. Kf2 Bf7 40. Rc3 Ra6 41. Nc2 Rb6 42. Nd4 Nxa4 43. Rc2 Nc5 44. Ra2 Ra8 45. Ke3 Raa6 46. Nb5 c6 47. Nxd6 cxd5 48. cxd5 Bxd5 49. Bxa6 Rxa6 50. Nc4 Nxb3 51. Rc2 a4 52. Na3 Rd6 53. Rd1 Ke6 54. Rc5 Nxc5 55. Rd4 Nb3 56. Rb4 Bc6 57. Nc4 Rd3+ 58. Ke2 Rxg3 59. Ne5 Rg2+ 60. Kf1 Ra2 61. Rb6 Ra1+ 62. Kf2 Nd4 63. Ke3 Nc2+ 64. Kd2 Nd4 65. Kc3 Nf3 66. Nxc6 bxc6 67. Rxc6+ Kd5 68. Rh6 a3 69. Rxh5 Nd4 70. Rg5 a2 71. Kb2 Rh1 72. Kxa2 Rxh4 73. Kb2 Rxf4 74. Rg8 Ke5 75. Rf8 Ne6 76. Re8 Rf2+ 77. Kc3 e3 78. Kd3 f4 79. Rf8 Rd2+ 80. Kc3 Ke4 81. Rf6 Ng5 82. Rg6 e2 83. Kxd2 Kf5 84. Rxg5+ Kxg5 85. Kxe2 Kg4 86. Kf2 f3 87. Kf1 Kf4 88. Kf2 Ke4 89. Kf1 Ke3 90. Ke1 Ke4 91. Kf2 Kf4 92. Kf1 Kg4 93. Kf2 Kf5 94. Kxf3 1/2-1/2


[Site "https://www.chess.com"]

[Event "Titled Tuesday Blitz July 11 Early 2023"]
[White "Haug, Havard"]
[Black "WindWhistler11"]
[WhiteFideId "1547887"]
[WhiteElo "2640"]
[BlackElo "2522"]
[Result "1-0"]
[Round "8"]
[TimeControl "180+2"]
[Date "2023.07.11"]
[WhiteClock "0:01:17"]
[BlackClock "0:00:00"]
[Board "63"]

1. e4 e6 2. d4 d5 3. e5 c5 4. c3 Nc6 5. Nf3 Bd7 6. Be2 Nge7 7. Na3 cxd4 8. cxd4 Nf5 9. Nc2 Be7 10. O-O Qb6 11. Rb1 a5 12. g4 Nh4 13. Nxh4 Bxh4 14. Be3 Be7 15. f4 g6 16. a4 f6 17. Na3 fxe5 18. fxe5 Nxe5 19. Nb5 Nf7 20. Rc1 O-O 21. Bf4 e5 22. Be3 e4 23. Nc7 Bc6 24. Nxa8 Rxa8 25. Qe1 Qxb2 26. Bb5 Nd6 27. Bxc6 bxc6 28. Rxc6 Nc4 29. Rxc4 dxc4 30. Bf2 Qc2 31. Qe3 Re8 32. Qf4 Qd3 33. Qe5 Qf3 34. Qe6+ Kh8 35. Bg3 Qe3+ 36. Kh1 Qh6 37. Be5+ 1-0


[Site "https://www.chess.com"]

[Event "Titled Tuesday Blitz July 11 Early 2023"]
[White "Katz, Alexander"]
[Black "only_strong_moves"]
[WhiteFideId "2039796"]
[WhiteElo "2636"]
[BlackElo "2522"]
[Result "0-1"]
[Round "8"]
[TimeControl "180+2"]
[Date "2023.07.11"]
[WhiteClock "0:00:04"]
[BlackClock "0:00:06"]
[Board "64"]

1. e4 e5 2. Nf3 Nc6 3. Bb5 Nf6 4. d3 Bc5 5. Bxc6 dxc6 6. Nbd2 O-O 7. O-O Re8 8. b3 Bg4 9. Bb2 Nd7 10. h3 Bh5 11. Nc4 f6 12. g4 Bf7 13. Ne3 Nf8 14. Nf5 Ne6 15. c3 Nf4 16. d4 exd4 17. cxd4 Bf8 18. Qd2 Rxe4 19. Ng3 Qd5 20. Nxe4 Qxe4 21. Qe3 Nxh3+ 22. Kh2 Qxg4 23. Ne5 fxe5 24. Qxh3 Qe2 25. Bc3 exd4 26. Bxd4 Bd6+ 27. Kg1 Qe4 28. Rad1 Bd5 29. f3 Qc2 30. Qg2 Qxg2+ 31. Kxg2 Rf8 32. Rde1 Rf5 33. Be3 Rf6 34. Rd1 h5 35. Bd4 Rg6+ 36. Kf2 Bg3+ 37. Ke2 Re6+ 38. Kd3 h4 39. Rd2 b6 40. b4 b5 41. Rg1 Bxf3 42. Kc3 Bd5 43. Bxa7 Rf6 44. Bd4 Rf3+ 45. Rd3 Rxd3+ 46. Kxd3 Bxa2 47. Ke3 Bd5 48. Bc3 Kf7 49. Be1 Bd6 50. Bxh4 Bxb4 51. Rf1+ Ke6 52. Bg3 Bc5+ 53. Kd2 Bd6 54. Re1+ Kd7 55. Bh4 c5 56. Rg1 Be5 57. Ke3 Bd4+ 58. Kf4 Bxg1 0-1


[Site "https://www.chess.com"]

[Event "Titled Tuesday Blitz July 11 Early 2023"]
[White "Arabidze, Meri"]
[Black "Yeritsyan, Hayk"]
[WhiteFideId "13604040"]
[BlackFideId "13307320"]
[WhiteElo "2635"]
[BlackElo "2521"]
[Result "1-0"]
[Round "8"]
[TimeControl "180+2"]
[Date "2023.07.11"]
[WhiteClock "0:00:13"]
[BlackClock "0:00:10"]
[Board "65"]

1. b3 d5 2. Bb2 Nf6 3. Nf3 Bf5 4. g3 e6 5. Bg2 h6 6. O-O Be7 7. c4 O-O 8. d3 c6 9. Nc3 Bh7 10. a3 Nbd7 11. b4 Nb6 12. Qb3 Re8 13. Rfc1 Rc8 14. c5 Nbd7 15. d4 Ne4 16. b5 Bf6 17. e3 Qa5 18. Nxe4 dxe4 19. bxc6 bxc6 20. Bc3 Qc7 21. Nd2 Rb8 22. Qc2 e5 23. Bxe4 Bxe4 24. Nxe4 exd4 25. Nxf6+ Nxf6 26. Bxd4 Nd5 27. Rab1 Qa5 28. Rxb8 Rxb8 29. Rb1 Rxb1+ 30. Qxb1 Qxa3 31. Qb8+ Kh7 32. Qb7 Qc1+ 33. Kg2 Qc2 34. Qxf7 Qe4+ 35. Kh3 Nf6 36. Qa2 Qg4+ 37. Kg2 Qe4+ 38. f3 Qe7 39. Bxf6 Qxf6 40. Qxa7 Qb2+ 41. Kh3 Qc3 42. Qe7 Qc4 43. Qe4+ Qxe4 44. fxe4 Kg6 45. Kg4 Kf6 46. Kf4 g5+ 47. Kg4 Kg6 48. h3 h5+ 49. Kf3 Kf6 50. Ke2 Ke6 51. Kd2 Kf6 52. Kc3 Ke6 53. Kb4 Ke5 54. Ka5 Kxe4 55. Kb6 Kd5 56. e4+ Kxe4 57. Kxc6 Kf3 58. g4 hxg4 59. hxg4 Kxg4 60. Kd6 Kf3 61. c6 g4 62. c7 g3 63. c8=Q g2 64. Qf5+ Kg3 65. Qg5+ Kf2 66. Qf4+ Ke1 67. Qe3+ Kf1 68. Qf3+ Kg1 69. Ke5 Kh2 70. Qh5+ Kg3 71. Qg5+ Kf2 72. Qf4+ Ke2 73. Qg3 Kf1 74. Qf3+ Kg1 75. Kf4 Kh2 76. Qh5+ Kg1 77. Kg3 Kf1 78. Qd1# 1-0


[Site "https://www.chess.com"]

[Event "Titled Tuesday Blitz July 11 Early 2023"]
[White "Ahmad, Khagan"]
[Black "FromTexas54"]
[WhiteFideId "13431552"]
[WhiteElo "2634"]
[BlackElo "2517"]
[Result "0-1"]
[Round "8"]
[TimeControl "180+2"]
[Date "2023.07.11"]
[WhiteClock "0:00:02"]
[BlackClock "0:00:08"]
[Board "66"]

1. Nf3 g6 2. g3 Bg7 3. c4 e5 4. Nc3 f5 5. d3 d6 6. Bg2 h6 7. e4 Nc6 8. Nh4 Nge7 9. exf5 gxf5 10. Qh5+ Kf8 11. Nd5 Be6 12. Be3 Bf7 13. Qf3 Nxd5 14. cxd5 Ne7 15. O-O Bxd5 16. Qd1 Bxg2 17. Kxg2 f4 18. gxf4 exf4 19. Qf3 Bf6 20. Qxf4 Nd5 21. Ng6+ Kf7 22. Nxh8+ Qxh8 23. Qxh6 Qg8+ 24. Kh1 Qg4 25. f3 Qf5 26. Bg1 Rh8 27. Qd2 Nf4 28. Qf2 Be5 29. Rae1 Nxd3 30. Qc2 Qg6 31. Rd1 Nf4 32. Qxg6+ Kxg6 33. Rde1 Kf5 34. Rc1 c5 35. Rcd1 b5 36. Bf2 Ne6 37. Bg1 a5 38. Rfe1 c4 39. b3 c3 40. Rd5 Rb8 41. Rc1 a4 42. b4 Nf4 43. Rdd1 Rc8 44. a3 Rc4 45. Rc2 d5 46. Be3 d4 47. Bxf4 Kxf4 48. Rd3 Kf5 49. Kg2 Bf4 50. h4 Be3 51. Kh3 Kf4 52. h5 Rc8 53. Rg2 Rc6 54. Rg6 Rxg6 55. hxg6 c2 56. g7 c1=Q 57. g8=Q Qh1# 0-1


[Site "https://www.chess.com"]

[Event "Titled Tuesday Blitz July 11 Early 2023"]
[White "Ovchinnikov, Vsevolod"]
[Black "Lehtosaari, Mauri"]
[WhiteFideId "24176842"]
[BlackFideId "501999"]
[WhiteElo "2615"]
[BlackElo "2513"]
[Result "1-0"]
[Round "8"]
[TimeControl "180+2"]
[Date "2023.07.11"]
[WhiteClock "0:00:29"]
[BlackClock "0:00:00"]
[Board "67"]

1. d4 d5 2. c4 c6 3. Nf3 Nf6 4. g3 Bg4 5. Ne5 Be6 6. cxd5 Bxd5 7. f3 Nfd7 8. Nd3 f6 9. Nc3 Bf7 10. e4 g6 11. Be3 Bg7 12. h4 Qc7 13. f4 h5 14. Bh3 a5 15. O-O g5 16. Kh1 gxh4 17. gxh4 Na6 18. a3 Bh6 19. Rc1 Nf8 20. Qf3 Be6 21. Bxe6 Nxe6 22. d5 Ng7 23. dxc6 bxc6 24. f5 Bxe3 25. Qxe3 Qd6 26. Rg1 O-O 27. Nf4 Rf7 28. Nxh5 1-0


[Site "https://www.chess.com"]

[Event "Titled Tuesday Blitz July 11 Early 2023"]
[White "Santos Flores, Alberto"]
[Black "Ezat, Mohamed"]
[WhiteFideId "3601234"]
[BlackFideId "10600906"]
[WhiteElo "2512"]
[BlackElo "2614"]
[Result "1-0"]
[Round "8"]
[TimeControl "180+2"]
[Date "2023.07.11"]
[WhiteClock "0:01:29"]
[BlackClock "0:01:16"]
[Board "68"]

1. e4 c6 2. c4 d5 3. exd5 cxd5 4. cxd5 Nf6 5. Qa4+ Nbd7 6. Nc3 g6 7. Bc4 Bg7 8. Nf3 O-O 9. d3 a6 10. Qa3 Qc7 11. O-O Nc5 12. Be3 b6 13. Rac1 Bg4 14. d4 Nce4 15. Nxe4 Nxe4 16. Ne5 Bxe5 17. dxe5 b5 18. Be2 Qxc1 19. Rxc1 Bxe2 20. f3 Rfc8 21. Rxc8+ Rxc8 22. fxe4 b4 23. Qxb4 Re8 24. Bg5 Kf8 25. d6 exd6 26. exd6 1-0


[Site "https://www.chess.com"]

[Event "Titled Tuesday Blitz July 11 Early 2023"]
[White "Souleidis, Georgios"]
[Black "Osmak, Yuliia"]
[WhiteFideId "4206827"]
[BlackFideId "14101602"]
[WhiteElo "2609"]
[BlackElo "2510"]
[Result "1-0"]
[Round "8"]
[TimeControl "180+2"]
[Date "2023.07.11"]
[WhiteClock "0:00:11"]
[BlackClock "0:00:00"]
[Board "69"]

1. e4 c5 2. Nf3 Nc6 3. Bc4 a6 4. O-O b5 5. Bd3 Bb7 6. c3 e5 7. Bc2 Nf6 8. d4 d6 9. Bg5 Be7 10. Bxf6 Bxf6 11. dxc5 dxc5 12. a4 O-O 13. Qe2 c4 14. axb5 axb5 15. Rxa8 Qxa8 16. Na3 Qa5 17. Rd1 Rd8 18. g3 Bc8 19. Rd5 Ba6 20. Kg2 h6 21. h4 Qb6 22. Nh2 Be7 23. Ng4 Bxa3 24. bxa3 f6 25. Qd2 Bc8 26. Nxh6+ gxh6 27. Qxh6 Ne7 28. Rxd8+ Qxd8 29. Qxf6 Bb7 30. Qxe5 Bc6 31. h5 Kf7 32. Qf4+ Ke8 33. g4 Kd7 34. g5 Qh8 35. Qg4+ Kc7 36. g6 Qxc3 37. Bd1 Bd7 38. Qg3+ Qxg3+ 39. Kxg3 Kd6 40. f4 c3 41. Bc2 Bc6 42. f5 Ke5 43. h6 Kf6 44. Kf4 1-0


[Site "https://www.chess.com"]

[Event "Titled Tuesday Blitz July 11 Early 2023"]
[White "lagarto93"]
[Black "Sadykov, Ramil"]
[BlackFideId "24113590"]
[WhiteElo "2505"]
[BlackElo "2609"]
[Result "1-0"]
[Round "8"]
[TimeControl "180+2"]
[Date "2023.07.11"]
[WhiteClock "0:00:15"]
[BlackClock "0:00:04"]
[Board "70"]

1. d4 Nf6 2. c4 g6 3. Nc3 d5 4. Nf3 Bg7 5. Qb3 dxc4 6. Qxc4 O-O 7. e4 a6 8. e5 b5 9. Qb3 Nfd7 10. Ng5 e6 11. Nce4 c5 12. Nxh7 Kxh7 13. Qh3+ Kg8 14. Bg5 Qa5+ 15. Bd2 Qa4 16. Ng5 Re8 17. Qf3 Nxe5 18. dxe5 Ra7 19. Bc3 Rd7 20. Ne4 Bb7 21. Nf6+ Bxf6 22. Qxf6 Qe4+ 23. Be2 b4 24. Bd2 Rxd2 25. Kxd2 Qd4+ 26. Ke1 Qxb2 27. Rd1 Nc6 28. Bd3 Qc3+ 29. Kf1 Nxe5 30. Be2 Bd5 31. h4 Nc6 32. Qf4 Qe5 33. Qg4 Qf6 34. h5 Kg7 35. hxg6 fxg6 36. Qh3 Rg8 37. Qh7+ Kf8 38. Bf3 Nd4 39. Bxd5 exd5 40. Re1 Qf7 41. Qh4 g5 42. Qh6+ Qg7 43. Qd6+ Kf7 44. Re7+ Kf8 45. Qd8# 1-0


[Site "https://www.chess.com"]

[Event "Titled Tuesday Blitz July 11 Early 2023"]
[White "Brunner, Nicolas"]
[Black "Niekras, Dawid"]
[WhiteFideId "620246"]
[BlackFideId "1160451"]
[WhiteElo "2504"]
[BlackElo "2609"]
[Result "0-1"]
[Round "8"]
[TimeControl "180+2"]
[Date "2023.07.11"]
[WhiteClock "0:00:00"]
[BlackClock "0:00:27"]
[Board "71"]

1. Nf3 g6 2. e4 c5 3. d4 cxd4 4. Nxd4 Nc6 5. c4 Nf6 6. Nc3 d6 7. Be2 Nxd4 8. Qxd4 Bg7 9. Be3 O-O 10. Qd2 a5 11. f3 a4 12. Rc1 Be6 13. O-O Qa5 14. Rfd1 Rfc8 15. Nd5 Qxd2 16. Rxd2 Bxd5 17. exd5 Nd7 18. f4 Nc5 19. Bf3 a3 20. bxa3 Rxa3 21. Bxc5 Rxc5 22. Rb1 Rxc4 23. Rxb7 Bf6 24. Rb3 Rxb3 25. axb3 Rxf4 26. Ra2 Rb4 27. Bd1 Rd4 28. Bf3 Rb4 29. Ra3 Bd4+ 30. Kf1 Bc5 31. Be2 Rb8 32. b4 Rxb4 33. Ra8+ Kg7 34. g3 Rb1+ 35. Kg2 Rb2 36. Kf3 Rd2 37. Re8 Kf6 38. Bc4 Rxh2 39. g4 Rh3+ 40. Kg2 Rc3 41. Bb5 Re3 42. Bc6 Kg5 43. Rh8 h6 0-1


[Site "https://www.chess.com"]

[Event "Titled Tuesday Blitz July 11 Early 2023"]
[White "Camacho Collados, Marcos"]
[Black "Borgaonkar Akshay"]
[WhiteFideId "2266237"]
[BlackFideId "25639110"]
[WhiteElo "2500"]
[BlackElo "2606"]
[Result "0-1"]
[Round "8"]
[TimeControl "180+2"]
[Date "2023.07.11"]
[WhiteClock "0:00:04"]
[BlackClock "0:01:12"]
[Board "72"]

1. Nf3 Nf6 2. g3 g6 3. Bg2 Bg7 4. O-O O-O 5. b3 b6 6. Bb2 Bb7 7. c4 c5 8. Nc3 Nc6 9. d4 d5 10. cxd5 Nxd4 11. e4 e5 12. Nxd4 exd4 13. Nb1 Re8 14. Nd2 Qd7 15. Rc1 Ng4 16. Re1 Ne5 17. Nc4 Nxc4 18. bxc4 b5 19. cxb5 Qxb5 20. Rb1 Qa5 21. Qg4 Bxd5 22. Qe2 Be6 23. e5 c4 24. Bxd4 Rad8 25. Qe3 Qxa2 26. Bxa7 Bf5 27. Ra1 Qb3 28. Bd4 Qxe3 29. Rxe3 Rxd4 30. Bc6 Red8 31. e6 Bxe6 0-1


[Site "https://www.chess.com"]

[Event "Titled Tuesday Blitz July 11 Early 2023"]
[White "Al-Tarboush, Ward"]
[Black "Horobetz, Graham"]
[WhiteFideId "7601450"]
[BlackFideId "2047322"]
[WhiteElo "2598"]
[BlackElo "2562"]
[Result "0-1"]
[Round "8"]
[TimeControl "180+2"]
[Date "2023.07.11"]
[WhiteClock "0:00:37"]
[BlackClock "0:00:06"]
[Board "73"]

1. e4 c5 2. Nf3 d6 3. d4 cxd4 4. Nxd4 Nf6 5. Nc3 a6 6. h3 e5 7. Nde2 h5 8. Bg5 Be6 9. g3 Nbd7 10. a4 Rc8 11. Bg2 Be7 12. b3 Qa5 13. Qd2 b5 14. O-O b4 15. Na2 d5 16. exd5 Bxd5 17. Bxd5 Qxd5 18. Qxd5 Nxd5 19. Bxe7 Kxe7 20. Rfd1 Rxc2 21. Rxd5 Rxe2 22. Nxb4 Rc8 23. Rad1 Nf6 24. R5d3 a5 25. Nd5+ Ke6 26. Ne3 Ne4 27. f3 Nxg3 28. Rd6+ Ke7 29. Rd7+ Kf8 30. Nc4 Nf5 31. Ra7 Re8 32. Rdd7 Kg8 33. Rxf7 Rd8 34. Rad7 Rxd7 35. Rxd7 Nh4 36. Nxa5 Nxf3+ 37. Kf1 Rb2 38. Rd3 e4 39. Re3 g5 40. Nc6 g4 41. hxg4 hxg4 42. Ne7+ Kf7 43. Nf5 Kf6 44. Ng3 Ke5 45. Rxe4+ Kd5 46. Rxg4 Nh2+ 47. Ke1 Nxg4 48. Kd1 Rxb3 49. Ne2 Ra3 50. Kc2 Ne3+ 51. Kb2 Nc4+ 52. Kc2 Kc5 53. Nc3 Ra1 54. Kb3 Rh1 55. Ne4+ Kd4 56. Ng5 Rf1 57. Ne6+ Kd5 58. Nc7+ Kc6 59. Nb5 Nb6 60. Nd4+ Kb7 61. a5 Nd7 62. Kc4 Nb8 63. Ne6 Rc1+ 64. Kb5 Rd1 65. Nc5+ Ka7 66. Na4 Nd7 67. Kc6 Ne5+ 68. Kc7 Rd7+ 69. Kc8 Rh7 70. Nc3 Nc6 71. Nb5+ Ka6 72. Nc7+ Kxa5 73. Kb7 Nd8+ 74. Ka8 Rxc7 75. Kb8 Rd7 76. Ka8 Rd2 77. Kb8 Kb6 78. Ka8 Rc2 79. Kb8 Rc1 0-1


[Site "https://www.chess.com"]